 Dungeon Crawl Stone Soup version 0.21.1-1-g345015f (webtiles) character file.

541 Iko the Skirmisher (level 7, 0/76 HPs)
             Began as an Ogre Berserker on June 3, 2018.
             Was a Believer of Trog.
             Slain by a killer bee (10 damage)
             ... on level 5 of the Dungeon.
             The game lasted 00:08:10 (885 turns).

Iko the Skirmisher (Ogre Berserker)                  Turns: 885, Time: 00:08:10

Health: 0/76       AC:  6    Str: 22    XL:     7   Next: 26%
Magic:  7/7        EV: 11    Int:  9    God:    Trog [**....]
Gold:   62         SH:  0    Dex:  9    Spells: 6/6 levels left

rFire    . . .     SeeInvis .   a - +2 quarterstaff (chaos)
rCold    . . .     Gourm    .   (shield currently unavailable)
rNeg     . . .     Faith    .   b - +0 animal skin
rPois    .         Spirit   .   (helmet restricted)
rElec    .         Reflect  .   e - +2 cloak {MR+}
rCorr    .         Harm     .   (gloves unavailable)
MR       +....                  (boots unavailable)
Stlth    +.........             (no amulet)
HPRegen  0.22/turn              (no ring)
MPRegen  0.10/turn              (no ring)

@: lethally poisoned (0 -> -26), berserk cooldown, slowed, very slow
A: large, unfitting armour, tough skin 1
a: Berserk, Trog's Hand, Burn Spellbooks, Renounce Religion


You were on level 5 of the Dungeon.
You worshipped Trog.
Trog was pleased with you.
You were not hungry.

You visited 1 branch of the dungeon, and saw 5 of its levels.

You collected 62 gold pieces.

Inventory:

Hand Weapons
 a - a +2 quarterstaff of chaos (weapon)
Armour
 b - a +0 animal skin (worn)
 e - a +2 cloak of magic resistance (worn)
Scrolls
 d - 2 scrolls of teleportation
Comestibles
 c - 4 rations


   Skills:
 + Level 6.9 Fighting
   Level 2.7 Long Blades
 + Level 4.4 Staves
 + Level 4.3 Dodging
 + Level 0.4 Stealth


You had 6 spell levels left.
You didn't know any spells.

Dungeon Overview and Level Annotations

Branches:
Dungeon (5/15)
 Temple: D:4-7

Altars:


Innate Abilities, Weirdness & Mutations

You are too large for most types of armour.
You have tough skin. (AC +1)


Message History

The killer bee stings you.
You are more poisoned.
The killer bee poisons you! The killer bee closely misses you.
The killer bee barely misses you.
The jackal bites you but does no damage.
The killer bee stings you!
* * * LOW HITPOINT WARNING * * *
A jackal comes into view.
The jackal barks!
* * * LOW HITPOINT WARNING * * *
You feel very sick. The killer bee stings you.
* * * LOW HITPOINT WARNING * * *
You are more poisoned.
The killer bee poisons you!
The jackal bites you but does no damage.
The killer bee misses you. The killer bee barely misses you.
The jackal barely misses you. The killer bee closely misses you.
The killer bee stings you!
You die...

### ..#. ##
#######<##..... +.
.............# #..
..#####.####.# #..
#...†# ... #....#
#.####....# .#
#...##..).###..#
#######@##.........##
......hyyh.h.........
####...S..........###
#...........)..#
#..............#
##....####.#...#
#....# #...#...
...#### ###.#.### ###
.. .


You could see 2 killer bees, an adder and 3 jackals.

Vanquished Creatures
  An ogre (D:5)
  A scorpion (D:5)
  A killer bee (D:5)
  A howler monkey (D:5)
  A hound (D:4)
  A jelly (D:5)
  2 orc priests (D:3)
  Crazy Yiuf (D:2)
  An iguana (D:5)
  A bullfrog skeleton (D:5)
  An orc wizard (D:3)
  A worker ant (D:4)
  3 gnolls (D:4)
  2 adders
  A dart slug (D:3)
  4 orcs (D:3)
  A giant cockroach (D:4)
  3 goblins (D:2)
  A hobgoblin (D:2)
  5 jackals
  A kobold (D:2)
  A quokka (D:4)
  2 frilled lizards
  A quokka skeleton (D:4)
  2 rats (D:3)
40 creatures vanquished.

Notes
Turn   | Place    | Note
-------+----------+-------------------------------------------
     0 | D:1      | Iko the Ogre Berserker began the quest for the Orb.
     0 | D:1      | Reached XP level 1. HP: 24/24 MP: 1/1
    93 | D:1      | You fall through a shaft!
   162 | D:2      | Found a runed door.
   166 | D:2      | Noticed Crazy Yiuf
   171 | D:2      | Killed Crazy Yiuf
   171 | D:2      | Reached skill level 5 in Fighting
   171 | D:2      | Reached XP level 2. HP: 33/35 MP: 2/2
   171 | D:2      | Reached XP level 3. HP: 39/42 MP: 3/3
   312 | D:3      | Reached XP level 4. HP: 41/50 MP: 4/4
   320 | D:3      | Reached skill level 6 in Fighting
   320 | D:3      | Reached skill level 1 in Staves
   320 | D:3      | Reached XP level 5. HP: 55/59 MP: 5/5
   810 | D:4      | Reached XP level 6. HP: 57/68 MP: 6/6
   840 | D:5      | Entered Level 5 of the Dungeon
   861 | D:5      | Reached ** piety under Trog
   870 | D:5      | Reached XP level 7. HP: 76/76 MP: 7/7
   885 | D:5      | Slain by a killer bee

Skill      XL: |  1  2  3  4  5  6 |
---------------+-------------------+-----
Fighting       | 5 6 |  6.9
Dodging        | 3 4 |  4.3
Staves         | 1 2 4 |  4.4
Long Blades    | |  2.7
Stealth        | |  0.4

Action                   |  1- 3 |  4- 6 |  7- 9 || total
-------------------------+-------+-------+-------++-------
Melee: Hand axe          |     7 |       |       ||     7
       Falchion          |     1 |       |       ||     1
       Quarterstaff      |    10 |    67 |     8 ||    85
Invok: Berserk           |       |     3 |       ||     3
  Use: Scroll            |     1 |     2 |       ||     3
       Potion            |       |     4 |     2 ||     6
  Eat: Ration            |       |     1 |       ||     1
Armor: Animal skin       |     2 |    25 |    13 ||    40
Dodge: Dodged            |    14 |    45 |    21 ||    80
       Rpst.: Falchion   |     1 |       |       ||     1
